MID
KANNAPOLIS INTIMIDATORS @ BELOIT SNAPPERS
09/16/2048
 
TOP OF THE 1ST
Kannapolis Intimidators batting - Pitching for Beloit Snappers : RHP Dave Magana
Pitching: RHP Dave Magana
Batting: RHB Luwen Storm 0-0: Called Strike
0-1: Called Strike
0-2: Ball
1-2: Ball
2-2: Foul Ball, location: 2F
2-2: Ground out 5-3 (Groundball, 56, EV 89.4 MPH)
Batting: RHB Mike Warzecha 0-0: Ball
1-0: Called Strike
1-1: Fly out, F9 (Flyball, 9S, EV 75.0 MPH)
Batting: RHB Mark Jones 0-0: Foul Ball, location: 2F
0-1: Ball
1-1: Swinging Strike
1-2: Fly out, F9 (Flyball, 89S, EV 85.0 MPH)
Top of the 1st over - 0 runs, 0 hits, 0 errors, 0 left on base; Kannapolis 0 - Beloit 0
BOTTOM OF THE 1ST
Beloit Snappers batting - Pitching for Kannapolis Intimidators : RHP Andy Gibson
Pitching: RHP Andy Gibson
Batting: RHB Chris Bohm 0-0: Called Strike
0-1: Foul Ball, location: 2F
0-2: Ball
1-2: Ball
2-2: Strikes out swinging
Batting: RHB Tony Crespo 0-0: Called Strike
0-1: Ball
1-1: Ball
2-1: Foul Ball, location: 2F
2-2: Strikes out looking
Batting: RHB Shannon Beck 0-0: Ball
1-0: Ground out 6-3 (Groundball, 56D, EV 103.8 MPH)
Bottom of the 1st over - 0 runs, 0 hits, 0 errors, 0 left on base; Kannapolis 0 - Beloit 0
TOP OF THE 2ND
Kannapolis Intimidators batting - Pitching for Beloit Snappers : RHP Dave Magana
Batting: LHB Herkko Haavikko 0-0: Called Strike
0-1: Foul Ball, location: 2F
0-2: Strikes out swinging
Batting: RHB Armando Vazquez 0-0: Ball
1-0: Foul Ball, location: 2F
1-1: Foul Ball, location: 2F
1-2: Strikes out swinging
Batting: SHB Jose Castillo 0-0: Foul Ball, location: 2F
0-1: Called Strike
0-2: Hit by Pitch
Batting: RHB Jose Marquez 0-0: Called Strike
0-1: Ball
1-1: Called Strike
1-2: Ball
2-2: Strikes out swinging
Top of the 2nd over - 0 runs, 0 hits, 0 errors, 1 left on base; Kannapolis 0 - Beloit 0
BOTTOM OF THE 2ND
Beloit Snappers batting - Pitching for Kannapolis Intimidators : RHP Andy Gibson
Batting: LHB Chance Stever 0-0: Ball
1-0: Swinging Strike
1-1: Ball
2-1: Foul Ball, location: 2F
2-2: Ball
3-2: DOUBLE (Line Drive, 7LM, EV 113.1 MPH)
Batting: LHB Jeremy Brammer 0-0: Ball
1-0: Called Strike
1-1: Ball
2-1: Foul Ball, location: 2F
2-2: Ball
3-2: Base on Balls
Batting: LHB Robert Wilkins 0-0: Called Strike
0-1: Foul Ball, location: 2F
0-2: Ball
1-2: SINGLE (Groundball, 56D, EV 101.9 MPH)
Chance Stever to third
Jeremy Brammer to second
Batting: RHB Don Burt 0-0: Ball
1-0: Called Strike
1-1: Foul Ball, location: 2F
1-2: Fly out, F7 (Line Drive, 7LM, EV 94.4 MPH)
Runner from 3rd tags up, SCORES, no throw by LF
Batting: RHB Clay Statum 0-0: Grounds into double play, 4-6-3 (Groundball, 34, EV 103.8 MPH)
Bottom of the 2nd over - 1 run, 2 hits, 0 errors, 1 left on base; Kannapolis 0 - Beloit 1
TOP OF THE 3RD
Kannapolis Intimidators batting - Pitching for Beloit Snappers : RHP Dave Magana
Batting: RHB Dunlang Clark 0-0: Fly out, F4 (Line Drive, 4, EV 64.4 MPH)
Batting: RHB Santos Guadalupe 0-0: Foul Ball, location: 2F
0-1: Foul Ball, location: 2F
0-2: Foul Ball, location: 2F
0-2: Ground out 3-1 (Groundball, 34, EV 84.4 MPH)
Batting: RHB Luwen Storm 0-0: Called Strike
0-1: Ball
1-1: Ball
2-1: Fly out, F8 (Flyball, 8LM, EV 91.2 MPH)
Top of the 3rd over - 0 runs, 0 hits, 0 errors, 0 left on base; Kannapolis 0 - Beloit 1
BOTTOM OF THE 3RD
Beloit Snappers batting - Pitching for Kannapolis Intimidators : RHP Andy Gibson
Batting: SHB Eric Tiehen 0-0: Foul Ball, location: 2F
0-1: Swinging Strike
0-2: Ball
1-2: Strikes out swinging
Batting: RHB Chris Bohm 0-0: Ball
1-0: Ball
2-0: Foul Ball, location: 2F
2-1: Foul Ball, location: 2F
2-2: Ball
3-2: Fly out, F7 (Flyball, 7LM, EV 80.0 MPH)
Batting: RHB Tony Crespo 0-0: Foul Ball, location: 2F
0-1: Fly out, F8 (Flyball, 8RS, EV 92.5 MPH)
Bottom of the 3rd over - 0 runs, 0 hits, 0 errors, 0 left on base; Kannapolis 0 - Beloit 1
TOP OF THE 4TH
Kannapolis Intimidators batting - Pitching for Beloit Snappers : RHP Dave Magana
Batting: RHB Mike Warzecha 0-0: Ball
1-0: Ground out 6-3 (Groundball, 56, EV 107.5 MPH)
Batting: RHB Mark Jones 0-0: Called Strike
0-1: SINGLE (Line Drive, 34, EV 95.6 MPH)
Batting: LHB Herkko Haavikko 0-0: Ball
1-0: Foul Ball, location: 2F
1-1: Foul Ball, location: 2F
1-2: DOUBLE (Line Drive, 7LM, EV 115.0 MPH)
Mark Jones to third
Runner from 3rd tries for Home, SAFE, throw by LF to home
Batting: RHB Armando Vazquez 0-0: Ball
1-0: Called Strike
1-1: Swinging Strike
1-2: Strikes out swinging
Batting: SHB Jose Castillo 0-0: Ball
1-0: Ball
2-0: Called Strike
2-1: Ground out 5-3 (Groundball, 5L, EV 83.1 MPH)
Top of the 4th over - 1 run, 2 hits, 0 errors, 1 left on base; Kannapolis 1 - Beloit 1
BOTTOM OF THE 4TH
Beloit Snappers batting - Pitching for Kannapolis Intimidators : RHP Andy Gibson
Batting: RHB Shannon Beck 0-0: Called Strike
0-1: Swinging Strike
0-2: Ball
1-2: Strikes out swinging
Batting: LHB Chance Stever 0-0: Ball
1-0: Foul Ball, location: 2F
1-1: Fly out, F7 (Flyball, 7, EV 82.5 MPH)
Batting: LHB Jeremy Brammer 0-0: Swinging Strike
0-1: Ball
1-1: Called Strike
1-2: Foul Ball, location: 2F
1-2: Strikes out swinging
Bottom of the 4th over - 0 runs, 0 hits, 0 errors, 0 left on base; Kannapolis 1 - Beloit 1
TOP OF THE 5TH
Kannapolis Intimidators batting - Pitching for Beloit Snappers : RHP Dave Magana
Batting: RHB Jose Marquez 0-0: Ball
1-0: Called Strike
1-1: Swinging Strike
1-2: Strikes out swinging
Batting: RHB Dunlang Clark 0-0: Bunted foul
0-1: Ball
1-1: Ball
2-1: Reached on error, E4 (Groundball, 4, EV 109.4 MPH)
Batting: RHB Santos Guadalupe 0-0: Called Strike
Dunlang Clark steals 2nd base (no throw)
0-1: Foul Ball, location: 2F
0-2: SINGLE (Groundball, 34D, EV 96.2 MPH)
Dunlang Clark to third
Runner from 3rd tries for Home, SAFE, throw by RF to home
Santos Guadalupe to second
Batting: RHB Luwen Storm 0-0: Ball
1-0: Foul Ball, location: 2F
1-1: Ball
2-1: Fly out, F9 (Flyball, 9, EV 92.5 MPH)
Batting: RHB Mike Warzecha 0-0: Ball
1-0: Foul Ball, location: 2F
1-1: SINGLE (Groundball, 56D, EV 108.1 MPH) (infield hit)
Santos Guadalupe to third
Batting: RHB Mark Jones 0-0: Fly out, F8 (Line Drive, 8RD, EV 90.0 MPH)
Top of the 5th over - 1 run, 2 hits, 1 error, 2 left on base; Kannapolis 2 - Beloit 1
BOTTOM OF THE 5TH
Beloit Snappers batting - Pitching for Kannapolis Intimidators : RHP Andy Gibson
Now at C: Joselito Santos
Batting: LHB Robert Wilkins 0-0: Ball
1-0: Called Strike
1-1: Called Strike
1-2: DOUBLE (Line Drive, 89D, EV 106.2 MPH)
Batting: RHB Don Burt 0-0: Ball
1-0: Called Strike
1-1: Swinging Strike
1-2: Strikes out looking
Batting: RHB Clay Statum 0-0: Ball
1-0: Swinging Strike
1-1: Swinging Strike
1-2: Strikes out swinging
Batting: SHB Eric Tiehen 0-0: Ball
1-0: Called Strike
1-1: Foul Ball, location: 2F
1-2: Ground out U3 (Groundball, 34S, EV 65.6 MPH)
Bottom of the 5th over - 0 runs, 1 hit, 0 errors, 1 left on base; Kannapolis 2 - Beloit 1
TOP OF THE 6TH
Kannapolis Intimidators batting - Pitching for Beloit Snappers : RHP Dave Magana
Batting: LHB Herkko Haavikko 0-0: SINGLE (Groundball, 34D, EV 104.4 MPH)
Batting: RHB Armando Vazquez 0-0: Called Strike
0-1: SINGLE (Groundball, 56D, EV 101.2 MPH)
Herkko Haavikko to second
Batting: SHB Jose Castillo 0-0: Foul Ball, location: 2F
0-1: SINGLE (Flyball, 8RS, EV 90.6 MPH)
Herkko Haavikko to third
Armando Vazquez to second
Batting: RHB Jose Marquez 0-0: Ball
1-0: Called Strike
1-1: Ball
2-1: Called Strike
2-2: Foul Ball, location: 2F
2-2: Ball
3-2: Grounds into fielders choice 6-2 (Groundball, 6, EV 91.2 MPH)
Armando Vazquez to third
Jose Castillo to second
Batting: RHB Joselito Santos 0-0: Foul Ball, location: 2F
0-1: Swinging Strike
0-2: Ball
1-2: Strikes out swinging
Batting: RHB Santos Guadalupe 0-0: Ball
1-0: Foul Ball, location: 2F
1-1: Ball
2-1: Ball
3-1: Base on Balls
Armando Vazquez scores
Jose Castillo to third
Jose Marquez to second
Batting: RHB Luwen Storm 0-0: Called Strike
0-1: Swinging Strike
0-2: Ball
1-2: Strikes out swinging
Top of the 6th over - 1 run, 3 hits, 0 errors, 3 left on base; Kannapolis 3 - Beloit 1
BOTTOM OF THE 6TH
Beloit Snappers batting - Pitching for Kannapolis Intimidators : RHP Andy Gibson
Batting: RHB Chris Bohm 0-0: Ball
1-0: Fly out, F8 (Flyball, 8RXD, EV 81.9 MPH)
Batting: RHB Tony Crespo 0-0: Foul Ball, location: 2F
0-1: Called Strike
0-2: Ball
1-2: Strikes out swinging
Batting: RHB Shannon Beck 0-0: Called Strike
0-1: SOLO HOME RUN (Flyball, 7D, EV 100.0 MPH), Distance : 367 ft
Batting: LHB Chance Stever 0-0: Ball
1-0: Ball
2-0: Ball
3-0: Called Strike
3-1: Fly out, F6 (Popup, 6, EV 53.1 MPH)
Bottom of the 6th over - 1 run, 1 hit, 0 errors, 0 left on base; Kannapolis 3 - Beloit 2
TOP OF THE 7TH
Kannapolis Intimidators batting - Pitching for Beloit Snappers : RHP Dave Magana
Batting: RHB Mike Warzecha 0-0: Swinging Strike
0-1: Ball
1-1: Swinging Strike
1-2: Strikes out swinging
Pitching: LHP Alex Shannon
Batting: RHB Mark Jones 0-0: Ball
1-0: Swinging Strike
1-1: Foul Ball, location: 2F
1-2: Ball
2-2: Fly out, F6 (Line Drive, 6M, EV 68.1 MPH)
Batting: LHB Herkko Haavikko 0-0: Called Strike
0-1: Foul Ball, location: 2F
0-2: Ball
1-2: Strikes out swinging
Top of the 7th over - 0 runs, 0 hits, 0 errors, 0 left on base; Kannapolis 3 - Beloit 2
BOTTOM OF THE 7TH
Beloit Snappers batting - Pitching for Kannapolis Intimidators : RHP Andy Gibson
Batting: LHB Jeremy Brammer 0-0: Foul Ball, location: 2F
0-1: Foul Ball, location: 2F
0-2: Ball
1-2: Ground out U3 (Groundball, 3L, EV 85.0 MPH)
Batting: LHB Robert Wilkins 0-0: Called Strike
0-1: Foul Ball, location: 2F
0-2: Ball
1-2: Foul Ball, location: 2F
1-2: Ball
2-2: Fly out, F7 (Line Drive, 78M, EV 93.8 MPH)
Batting: RHB Don Burt 0-0: Ball
1-0: Called Strike
1-1: Foul Ball, location: 2F
1-2: Strikes out swinging
Bottom of the 7th over - 0 runs, 0 hits, 0 errors, 0 left on base; Kannapolis 3 - Beloit 2
TOP OF THE 8TH
Kannapolis Intimidators batting - Pitching for Beloit Snappers : LHP Alex Shannon
Batting: RHB Armando Vazquez 0-0: Swinging Strike
0-1: Swinging Strike
0-2: Ball
1-2: Strikes out swinging
Batting: SHB Jose Castillo 0-0: Ground out 5-3 (Groundball, 56S, EV 68.8 MPH)
Batting: RHB Jose Marquez 0-0: Ball
1-0: Ball
2-0: Called Strike
2-1: DOUBLE (Line Drive, 7LS, EV 98.8 MPH)
Batting: RHB Joselito Santos 0-0: Ball
1-0: Called Strike
1-1: Foul Ball, location: 2F
1-2: Ball
2-2: Strikes out swinging
Top of the 8th over - 0 runs, 1 hit, 0 errors, 1 left on base; Kannapolis 3 - Beloit 2
BOTTOM OF THE 8TH
Beloit Snappers batting - Pitching for Kannapolis Intimidators : RHP Andy Gibson
Pitching: RHP Nate Myers
Now at 1B: Jose Castillo
Now in CF: Sean Peake
Batting: RHB Clay Statum 0-0: Foul Ball, location: 2F
0-1: Ball
1-1: Ball
2-1: Ball
3-1: Called Strike
3-2: Ground out 4-3 (Groundball, 4MS, EV 82.5 MPH)
Batting: SHB Eric Tiehen 0-0: Called Strike
0-1: Ball
1-1: Swinging Strike
1-2: Foul Ball, location: 2F
1-2: Foul Ball, location: 2F
1-2: Foul Ball, location: 2F
1-2: Foul Ball, location: 2F
1-2: DOUBLE (Line Drive, 7LD, EV 107.5 MPH)
Batting: RHB Chris Bohm 0-0: Ground out 2-3 (Groundball, 2L, EV 73.1 MPH)
Eric Tiehen to third
Batting: RHB Tony Crespo 0-0: Swinging Strike
0-1: Foul Ball, location: 2F
0-2: Strikes out looking
Bottom of the 8th over - 0 runs, 1 hit, 0 errors, 1 left on base; Kannapolis 3 - Beloit 2
TOP OF THE 9TH
Kannapolis Intimidators batting - Pitching for Beloit Snappers : LHP Alex Shannon
Pitching: RHP Jon Coakley
Pinch Hitting: RHB Duncan Collins 0-0: Called Strike
0-1: Ball
1-1: Foul Ball, location: 2F
1-2: Ball
2-2: Strikes out swinging
Batting: RHB Sean Peake 0-0: Foul Ball, location: 2F
0-1: Ball
1-1: Ball
2-1: Ball
3-1: Base on Balls
Batting: RHB Mike Warzecha 0-0: Ball
1-0: Ball
2-0: Ball
3-0: Called Strike
3-1: Foul Ball, location: 2F
3-2: SINGLE (Line Drive, 56D, EV 96.9 MPH)
Sean Peake to second
Sean Peake to third
Batting: RHB Mark Jones 0-0: Ball
1-0: Called Strike
1-1: Ball
2-1: Fly out, F8 (Flyball, 8RD, EV 90.6 MPH)
Runner from 3rd tags up, SCORES, no throw by CF
Batting: LHB Herkko Haavikko 0-0: Ball
1-0: Ball
2-0: Foul Ball, location: 2F
2-1: Called Strike
2-2: Strikes out looking
Top of the 9th over - 1 run, 1 hit, 0 errors, 1 left on base; Kannapolis 4 - Beloit 2
BOTTOM OF THE 9TH
Beloit Snappers batting - Pitching for Kannapolis Intimidators : RHP Nate Myers
Pitching: RHP Chris Worster
Now at 3B: Nick Kleckner
Batting: RHB Shannon Beck 0-0: Ball
1-0: Foul Ball, location: 2F
1-1: Called Strike
1-2: Strikes out looking
Batting: LHB Chance Stever 0-0: Foul Ball, location: 2F
0-1: Foul Ball, location: 2F
0-2: Ball
1-2: Strikes out looking
Batting: LHB Jeremy Brammer 0-0: Foul Ball, location: 2F
0-1: Called Strike
0-2: Ball
1-2: Ball
2-2: Strikes out looking
Bottom of the 9th over - 0 runs, 0 hits, 0 errors, 0 left on base; Kannapolis 4 - Beloit 2
Tuesday, March 28th , 2023 - OOTP Baseball 23.10 Build 110